 Dungeon Crawl Stone Soup version 0.24.0 (webtiles) character file.

Game seed: 7658440716819021609, levelgen mode: deterministic

96 Aggronaut the Insei (level 4, -5/35 HPs)
             Began as a Demonspawn Monk on Oct 25, 2019.
             Was a Believer of Qazlal.
             Killed from afar by a white imp (8 damage)
             ... with a puff of frost
             ... summoned by Natasha
             ... on level 3 of the Dungeon.
             The game lasted 00:09:19 (2043 turns).

Aggronaut the Insei (Demonspawn Monk)               Turns: 2043, Time: 00:09:20

Health: -5/35      AC: 10    Str: 17    XL:     4   Next: 41%
Magic:  4/4        EV: 10    Int: 11    God:    Qazlal [**....]
Gold:   123        SH:  3    Dex: 15    Spells: 3/3 levels left

rFire    . . .     SeeInvis .     - Unarmed
rCold    . . .     Gourm    .   (no shield)
rNeg     . . .     Faith    .   c - +3 scale mail
rPois    .         Spirit   .   (no helmet)
rElec    .         Reflect  .   (no cloak)
rCorr    .         Harm     .   (no gloves)
MR       .....                  m - +0 pair of boots
Stlth    +.........             (no amulet)
HPRegen  0.11/turn              l - +4 ring of strength
MPRegen  0.09/turn              (no ring)

@: very slightly contaminated, slowed, very slow
A: claws 1, powered by pain 1
a: Upheaval, Renounce Religion


You were on level 3 of the Dungeon.
You worshipped Qazlal.
Qazlal was pleased with you.
You were not hungry.

You visited 1 branch of the dungeon, and saw 3 of its levels.

You collected 123 gold pieces.

Inventory:

Missiles
 i - 5 javelins (quivered)
Armour
 c - a +3 scale mail (worn)
 m - a +0 pair of boots (worn)
Jewellery
 l - a +4 ring of strength (left claw)
Scrolls
 a - a scroll of immolation {unknown}
 e - a scroll of fear {unknown}
 h - a scroll of enchant weapon
 j - a scroll of magic mapping {unknown}
Potions
 d - a potion of curing
 f - a potion of brilliance
 g - a potion of might {unknown}
Comestibles
 b - 7 rations
 k - 8 chunks of flesh


   Skills:
 - Level 3.0 Fighting
 - Level 2.6 Dodging
 - Level 1.7 Stealth
 * Level 4.7 Unarmed Combat
 + Level 1.1 Invocations


You had 3 spell levels left.
You didn't know any spells.
Your spell library was empty.

Dungeon Overview and Level Annotations

Branches:
Dungeon (3/15)

Altars:
Qazlal

Annotations:
D:3 Natasha


Innate Abilities, Weirdness & Mutations

You have sharp fingernails.
You sometimes gain a little power by taking damage.


Message History

You feel as though you will be slow longer.
The rat barely misses you. Natasha casts a spell at you.
You resist with some effort. The goblin barely misses you.
The adder barely misses you. The orc barely misses you.
The rat barely misses you. The adder bites you but does no damage.
Okay, then.
Okay, then.
Natasha mumbles some strange words.
The orc barely misses you.
Natasha casts a spell.
The white imp gestures at you.
The puff of frost hits you but does no damage.
A kobold opens the door.
The adder bites you but does no damage.
The rat twitches its whiskers.
The white imp gestures at you. The puff of frost misses you.
The white imp gestures at you. The puff of frost hits you!
You die...

####### .)....# #####.#
########## #.# #........#
#... #.###........# ....
#............# ..§..
#............# # .....
#............#'### ......
#...........@SrKr######......
#.###.......§§oSg.o..........
#....>.......555....(........
#####.......[.h.........(....
########.....###+######..
#######!### #..g5...#
#.#####..# ##.#


You could see an iron imp, an orc wizard, Natasha, an adder, 2 white imps, an
orc, a goblin, a ball python, a kobold and 2 rats.

Vanquished Creatures
  3 adders (D:2)
  2 worms
  4 dart slugs (D:1)
  A leopard gecko (D:2)
  4 giant cockroaches
  4 goblins
  7 hobgoblins
  6 jackals
  5 bats
  3 frilled lizards
  7 kobolds
  7 rats
53 creatures vanquished.

Notes
Turn   | Place    | Note
-------+----------+-------------------------------------------
     0 | D:1      | Aggronaut the Demonspawn Monk began the quest for the Orb.
     0 | D:1      | Reached XP level 1. HP: 18/18 MP: 1/1
   154 | D:1      | Reached skill level 3 in Unarmed Combat
   247 | D:1      | Gained mutation: You sometimes gain a little power by
                  | taking damage. [demonic ancestry]
   247 | D:1      | Reached XP level 2. HP: 19/24 MP: 2/2
   984 | D:2      | Reached XP level 3. HP: 13/29 MP: 3/3
  1124 | D:2      | Reached skill level 4 in Unarmed Combat
  1460 | D:2      | Found a stormy altar of Qazlal.
  1535 | D:2      | Became a worshipper of Qazlal Stormbringer
  1535 | D:2      | Reached * piety under Qazlal
  1535 | D:2      | Reached ** piety under Qazlal
  1567 | D:2      | Gained mutation: You have sharp fingernails. [demonic
                  | ancestry]
  1567 | D:2      | Reached XP level 4. HP: 34/35 MP: 4/4
  1971 | D:3      | Reached skill level 1 in Invocations
  2017 | D:3      | Noticed Natasha
  2043 | D:3      | Killed from afar by a white imp

Levels and vault maps discovered:
D:1:      ncdulo_smallfort, layout_basic, serial_park_tiny_1
D:2:      minmay_alternating_diamond, layout_rooms, lemuel_crystal_altar
D:3:      layout_basic, uniq_natasha
